 Dungeon Crawl Stone Soup version 0.18-b1-14-g029dad2 (webtiles) character file.

1834 Alarkh the Spear-Bearer (level 8, -1/56 HPs)
             Began as a Mummy Gladiator on Apr 30, 2016.
             Slain by a killer bee (8 damage)
             ... on level 7 of the Dungeon.
             The game lasted 00:07:29 (6543 turns).

Alarkh the Spear-Bearer (Mummy Gladiator)           Turns: 6543, Time: 00:07:30

Health: -1/56      AC:  7    Str: 19    XL:     8   Next: 87%
Magic:  8/8        EV: 12    Int:  9    God:
Gold:   297        SH:  0    Dex: 15    Spells: 0 memorised, 7 levels left

rFire  x . .     SeeInvis .     a - +0 trident
rCold  + . .     Gourm    .     m - +0 leather armour {MR+}
rNeg   + + +     Faith    .     (no shield)
rPois  ∞         Spirit   .     c - +0 helmet
rElec  .         Dismiss  .     e - +2 cloak {MR+}
rCorr  .         Reflect  .     (no gloves)
SustAt .         Harm     .     (no boots)
MR     +++..                    r - amulet of magic regeneration
Stlth  ++........               p - ring of stealth
                                j - +3 ring of dexterity

@: extremely resistant to hostile enchantments, unstealthy
A: no food or potions, fire vulnerability, cold resistance 1, negative energy
resistance 3, torment resistance, unbreathing
a: no special abilities


You were on level 7 of the Dungeon.
You were not hungry.

You visited 2 branches of the dungeon, and saw 8 of its levels.

You collected 297 gold pieces.

Inventory:

Hand Weapons
 a - a +0 trident (weapon)
Missiles
 d - a throwing net (quivered)
Armour
 b - a +0 leather armour
 c - a +0 helmet (worn)
 e - a +2 cloak of magic resistance (worn)
 m - a +0 leather armour of magic resistance (worn)
Jewellery
 j - a +3 ring of dexterity (left hand)
 o - an uncursed amulet of faith
 p - a ring of stealth (right hand)
 q - an uncursed ring of magical power
 r - an amulet of magic regeneration (around neck)
Scrolls
 f - a scroll of identify
 g - 4 scrolls of random uselessness
 h - a scroll of remove curse
 i - 2 scrolls of amnesia
 k - a scroll of blinking
 l - 2 scrolls of fear
 n - a scroll of teleportation


   Skills:
 - Level 2.0 Fighting
 + Level 10.0 Polearms
 - Level 1.5 Throwing
 - Level 2.4 Dodging


You had 7 spell levels left.
You didn't know any spells.

Dungeon Overview and Level Annotations

Branches:
Dungeon (7/15)             Temple (1/1) D:7

Altars:
Ashenzari
Cheibriados
Dithmenos
Elyvilon
Fedhas
Kikubaaqudgha
Makhleb
Pakellas
Qazlal
Ru
Sif Muna
Trog
Vehumet
Xom
Yredelemnul
Zin
The Shining One

Shops:
D:5 =

Annotations:
D:6 MTVSty1e's ghost, novice HOFi


Innate Abilities, Weirdness & Mutations

You do not eat or drink.
Your flesh is vulnerable to fire.
You are immune to poison.
Your flesh is cold resistant.
You are immune to negative energy.
You are immune to unholy pain and torment.
You can survive without breathing.


Message History

You miss the killer bee.
The killer bee is almost dead.
The killer bee stings you. x2; The killer bee misses you.
You completely miss the killer bee.
The killer bee is almost dead.
The killer bee stings you!
* * * LOW HITPOINT WARNING * * *
The killer bee barely misses you. The killer bee stings you.
* * * LOW HITPOINT WARNING * * *
You puncture the killer bee!
You kill the killer bee!
Your Polearms skill increases to level 10!
The killer bee misses you. The killer bee barely misses you.
The killer bee closely misses you.
There is a stone staircase leading up here.
You see here a killer bee corpse.
You puncture the killer bee!
The killer bee is heavily wounded.
The killer bee misses you. The killer bee stings you!
You die...

#........>..................
#.........##########.######
#.........# #...⌠....#
#.........# #........#
#.........###.⌠.>.⌠.##
####'####.##........# #.#
#.##....⌠...# #.#
#.##..####### #.#
#.##..#@...# #.#
#......y...# #.#
##########.# #.# # #.# #.#
#.# #)# #)#


You could see a killer bee.

Vanquished Creatures
  Pikel (D:4)
  Grinder (D:3)
  2 ice beasts
  A phantom (D:4)
  An ogre (D:4)
  5 killer bees (D:7)
  A centaur zombie (D:5)
  4 hounds
  2 orc wizards
  2 orc priests
  A centaur skeleton (D:4)
  2 giant frog skeletons
  A worker ant (D:4)
  A killer bee zombie (D:7)
  2 hound zombies
  4 adders
  2 shadow imps (D:5)
  A worm (D:3)
  2 dart slugs
  3 giant geckos
  17 orcs
  10 bats
  2 bat zombies (D:3)
  4 giant cockroaches
  15 goblins
  7 hobgoblins
  5 jackals
  7 kobolds
  3 quokkas
  4 giant newts
  10 rats
  3 rat zombies (D:3)
126 creatures vanquished.

Vanquished Creatures (others)
  A quokka (D:4)
  A giant newt (D:2)
  A rat (D:2)
3 creatures vanquished.

Grand Total: 129 creatures vanquished

Notes
Turn   | Place    | Note
--------------------------------------------------------------
     0 | D:1      | Alarkh the Mummy Gladiator began the quest for the Orb.
     0 | D:1      | Reached XP level 1. HP: 16/16 MP: 1/1
   371 | D:1      | Reached XP level 2. HP: 22/22 MP: 2/2
   417 | D:1      | Reached skill level 3 in Polearms
  1015 | D:2      | Found a shadowy altar of Dithmenos.
  1143 | D:2      | Reached XP level 3. HP: 26/27 MP: 3/3
  1341 | D:2      | Found a blossoming altar of Fedhas.
  1385 | D:2      | Found a white marble altar of Elyvilon.
  1803 | D:3      | Reached skill level 4 in Polearms
  1900 | D:2      | Reached XP level 4. HP: 5/33 MP: 4/4
  2898 | D:3      | Reached XP level 5. HP: 31/38 MP: 5/5
  2916 | D:3      | Reached skill level 5 in Polearms
  3194 | D:3      | Found a deep blue altar of Sif Muna.
  3216 | D:3      | Noticed Grinder
  3250 | D:3      | Paralysed by Grinder for 7 turns
  3260 | D:3      | Killed Grinder
  3260 | D:3      | Reached skill level 6 in Polearms
  3260 | D:3      | Reached XP level 6. HP: 11/44 MP: 6/6
  3463 | D:3      | Found a shattered altar of Ashenzari.
  4221 | D:3      | Found an ancient bone altar of Kikubaaqudgha.
  4377 | D:4      | Reached XP level 7. HP: 37/50 MP: 7/7
  4395 | D:4      | Reached skill level 7 in Polearms
  4599 | D:4      | Noticed Pikel
  4624 | D:4      | Killed Pikel
  4624 | D:4      | Reached skill level 8 in Polearms
  4624 | D:4      | Reached XP level 8. HP: 25/56 MP: 8/8
  4969 | D:4      | Found a blossoming altar of Fedhas.
  5139 | D:5      | Entered Level 5 of the Dungeon
  5278 | D:5      | Reached skill level 9 in Polearms
  5332 | D:5      | Found Zupsuzya's Jewellery Shop.
  5768 | D:6      | Noticed MTVSty1e's ghost (novice HOFi)
  5823 | D:6      | Found an oddly glowing altar of Pakellas.
  5855 | D:7      | Found a radiant altar of Vehumet.
  5855 | D:7      | Found a shimmering altar of Xom.
  6339 | D:7      | Found a staircase to the Ecumenical Temple.
  6438 | Temple   | Entered the Ecumenical Temple
  6541 | D:7      | Reached skill level 10 in Polearms
  6543 | D:7      | Slain by a killer bee

Skill      XL: |  1  2  3  4  5  6  7  8 |
---------------+-------------------------+-----
Polearms       | 3 4 6 8 10 | 10.0
Fighting       | |  2.0
Throwing       | |  1.5
Dodging        | |  2.4

Action                   |  1- 3 |  4- 6 |  7- 9 || total
-------------------------+-------+-------+-------++-------
Melee: Trident           |   185 |   185 |   237 ||   607
Throw: Throwing net      |       |     6 |     2 ||     8
  Use: Scroll            |       |     3 |     4 ||     7
 Stab: Sleeping          |     1 |       |     3 ||     4
       Distracted        |     1 |     1 |       ||     2
       Held in net/web   |       |     1 |     1 ||     2
Armor: Leather armour    |    45 |    67 |    70 ||   182
Dodge: Dodged            |   114 |   103 |   120 ||   337
